Map: Protocole central

Players

Exocius

  • Race: Protoss Protoss
  • League: Silver

IMCHI - Winner!

  • Race: Terran Terran
  • League: Silver

VOD

Have the link to the VOD?

Description

Time

  • Played on: Dec. 22, 2015, 5:47 p.m.
  • Length: 9:23
Show
View Real Time Build Order
Export as new Build Order

Exocius Protoss 

Build Orders: 1 Gate Expand 

Get SALT Encoding   

  12  0:10  Probe (Chrono Boost)  
  12  0:13  Pylon  
  13  0:21  Probe (Chrono Boost)  
  14  0:31  Probe (Chrono Boost)  
  14  0:34  Gateway  
  15  0:42  Probe (Chrono Boost)  
  16  0:47  Assimilator  
  16  0:52  Probe (Chrono Boost)  
  17  1:03  Probe (Chrono Boost)  
  18  1:14  Probe (Chrono Boost)  
  19  1:24  Probe (Chrono Boost)  
  20  1:35  Probe (Chrono Boost), Nexus  
  21  1:45  Probe (Chrono Boost)  
  22  1:49  Cybernetics Core  
  22  1:56  Probe (Chrono Boost)  
  22  2:00  Pylon  
  23  2:06  Assimilator  
  23  2:18  Probe (Chrono Boost)  
  24  2:25  Stalker (Chrono Boost)  
  24  2:28  Probe  
  27  2:40  Probe  
  28  2:48  Gateway  
  27  2:51  Stalker (Chrono Boost)  
  27  2:52  Probe  
  27  2:55  Probe  
  31  3:03  Pylon  
  31  3:09  Warp Gate (Chrono Boost)  
  31  3:15  Probe  
  31  3:17  Probe  
  31  3:19  Stalker (Chrono Boost)  
  35  3:25  Gateway  
  35  3:28  Probe  
  35  3:29  Probe  
  37  3:36  Stalker (Chrono Boost)  
  39  3:48  Probe  
  39  3:49  Probe  
  43  3:56  Stalker (Chrono Boost)  
  43  4:01  Probe  
  43  4:03  Probe, Robotics Facility  
  45  4:10  Pylon  
  45  4:12  Probe  
  45  4:14  Stalker (Chrono Boost)  
  45  4:15  Probe  
  51  4:19  Stalker (Chrono Boost)  
  51  4:22  Probe  
  52  4:28  Probe  
  52  4:29  Zealot (Chrono Boost)  
  52  4:30  Gateway  
  55  4:34  Pylon  
  55  4:35  Probe  
  56  4:40  Probe  
  57  4:46  Probe  
  57  4:52  Probe  
  61  4:53  Stalker x2 (Chrono Boost)  
  61  4:56  Probe  
  61  4:57  Observer (Chrono Boost)  
  65  5:04  Probe  
  66  5:12  Pylon  
  66  5:16  Assimilator  
  66  5:18  Probe  
  66  5:20  Probe  
  68  5:21  Assimilator  
  68  5:29  Pylon  
  68  5:33  Stalker x2  
  68  5:34  Stalker  
  74  5:42  Pylon  
  74  5:43  Probe  
  74  5:44  Probe  
  74  5:45  Forge  
  74  5:48  Forge  
  76  5:59  Gateway  
  76  6:03  Stalker  
  76  6:04  Stalker x2  
  82  6:19  Immortal (Chrono Boost)  
  85  6:33  Robotics Bay  
  85  6:39  Pylon  
  85  6:40  Stalker x3  
  91  6:54  Pylon  
  91  6:58  Immortal (Chrono Boost)  
  95  7:06  Pylon  
  95  7:09  Stalker  
  95  7:10  Stalker x2  
  95  7:12  Stalker x2  
  105  7:17  Photon Cannon  
  105  7:18  Photon Cannon  
  105  7:21  Photon Cannon  
  105  7:23  Photon Cannon  
  105  7:26  Photon Cannon  
  105  7:30  Photon Cannon  
  105  7:40  Zealot x2  
  105  7:43  Disruptor (Chrono Boost)  
  112  7:56  Probe x2  
  112  7:58  Zealot x2  
  118  8:04  Pylon  
  118  8:09  Pylon  
  118  8:17  Zealot  
  82  8:27  Stalker x4  
  90  8:37  Twilight Council  
  90  8:44  Disruptor (Chrono Boost)  
  90  8:48  Zealot  
Show
View Real Time Build Order
Export as new Build Order

IMCHI Terran - Winner!

Build Orders:  

Get SALT Encoding   

  12  0:01  SCV  
  13  0:13  SCV  
  14  0:17  Supply Depot  
  14  0:25  SCV  
  15  0:38  SCV  
  15  0:40  Barracks  
  16  0:45  Refinery  
  16  0:50  SCV  
  17  1:03  SCV  
  18  1:24  Command Center  
  18  1:28  SCV  
  18  1:31  Barracks Reactor  
  19  1:41  Engineering Bay  
  19  1:46  SCV  
  20  1:58  SCV  
  21  2:01  Refinery  
  21  2:09  Marine  
  21  2:11  Factory, Marine  
  23  2:35  SCV  
  24  2:39  Supply Depot  
  24  2:41  Terran Infantry Weapons Level 1  
  24  2:47  SCV, Marine x2  
  27  2:52  SCV  
  28  2:58  Factory Tech Lab  
  28  2:59  SCV  
  28  3:04  SCV  
  30  3:10  Supply Depot  
  30  3:11  SCV  
  31  3:18  Siege Tank  
  34  3:21  SCV  
  35  3:29  Orbital Command  
  35  3:37  SCV  
  36  3:45  Marine x2  
  36  3:46  Starport  
  38  3:51  Supply Depot  
  38  3:53  SCV  
  39  4:00  Siege Tank  
  42  4:16  Marine  
  42  4:17  Marine  
  43  4:20  Supply Depot, Barracks  
  43  4:23  Starport Reactor  
  44  4:32  Siege Tank  
  47  4:43  Barracks  
  47  4:52  Orbital Command  
  47  5:00  Medivac x2  
  47  5:01  Marine x2  
  53  5:11  Barracks Tech Lab  
  53  5:15  Refinery  
  53  5:19  Marine x2  
  55  5:34  Barracks Reactor  
  55  5:41  Supply Depot  
  55  5:42  Supply Depot  
  55  5:46  Stimpack  
  55  5:50  Medivac  
  55  5:51  Marine x2  
  55  5:54  Marauder  
  61  6:05  SCV x2  
  61  6:08  Medivac  
  61  6:10  Marine x2  
  67  6:13  Marine x2  
  67  6:15  Marauder  
  71  6:28  Marine x2  
  71  6:29  Siege Tank  
  71  6:30  Marine  
  71  6:31  Marine  
  78  6:41  Factory  
  78  6:43  SCV  
  79  6:50  Marauder  
  79  6:51  Marine x2  
  79  6:52  Marine x2  
  85  6:55  SCV  
  86  7:14  Supply Depot  
  86  7:18  Supply Depot  
  86  7:35  SCV, Marine x4  
  86  7:36  Marauder  
  93  7:42  Supply Depot  
  93  7:46  Supply Depot  
  93  7:50  Factory Tech Lab  
  93  7:53  Marine x4  
  93  7:57  Marauder  
  99  8:11  Marine x4  
  101  8:36  Marine x2, Marauder  
  101  8:38  Marine x2  
  101  8:39  Medivac x2  
  111  8:41  Siege Tank  
  114  8:54  Marine x2  
  116  8:55  Marine  
  116  8:56  Marine  
Tags
 
Add a new tag
Caveats
  • Supply blocks, unpowered buildings, or Contaminate may cause inaccurate times.
  • Supply counts are checked every 10 seconds.